Map: Glittering Ashes LE

Players

Pumba - Winner!

  • Race: Protoss Protoss
  • League: Master
  • Spawn Location: 1:00

Totoro

  • Race: Terran Terran
  • League: Master
  • Spawn Location: 7:00

VOD

Have the link to the VOD?

Description

Time

  • Played on: April 5, 2022, 9:37 p.m.
  • Length: 10:48
Show
View Real Time Build Order
Export as new Build Order

Pumba Protoss - Winner!

Build Orders: 1 Gate Expand, Phoenix Opening 

Get SALT Encoding   

  12  0:00  Probe  
  13  0:12  Probe  
  14  0:17  Pylon  
  14  0:24  Probe  
  15  0:38  Gateway  
  15  0:39  Probe (Chrono Boost)  
  15  0:42  Assimilator  
  16  0:49  Probe (Chrono Boost)  
  17  0:54  Probe (Chrono Boost)  
  18  1:06  Probe  
  19  1:18  Probe  
  20  1:24  Nexus  
  20  1:34  Cybernetics Core  
  20  1:36  Probe  
  21  1:47  Pylon  
  21  1:50  Assimilator  
  21  1:59  Zealot (Chrono Boost)  
  23  2:05  Probe  
  24  2:17  Stalker  
  24  2:21  Probe  
  26  2:31  Pylon  
  26  2:38  Probe, Stargate  
  27  2:47  Stalker  
  29  2:53  Shield Battery, Probe (Chrono Boost)  
  29  2:55  Probe (Chrono Boost)  
  31  3:04  Probe x2 (Chrono Boost)  
  34  3:13  Probe (Chrono Boost)  
  34  3:17  Warp Gate  
  34  3:20  Adept  
  34  3:21  Probe (Chrono Boost)  
  38  3:28  Phoenix (Chrono Boost)  
  38  3:30  Probe (Chrono Boost)  
  38  3:32  Probe (Chrono Boost)  
  41  3:37  Probe  
  41  3:38  Probe  
  43  3:49  Probe  
  43  3:50  Probe  
  43  3:55  Phoenix (Chrono Boost)  
  45  4:02  Probe  
  48  4:05  Probe  
  49  4:13  Pylon  
  49  4:14  Probe  
  49  4:15  Phoenix  
  52  4:17  Robotics Facility  
  52  4:25  Probe  
  52  4:30  Assimilator x2  
  53  4:36  Gateway  
  53  4:37  Gateway  
  51  4:51  Probe x2 (Chrono Boost)  
  53  4:56  Phoenix  
  55  5:01  Pylon  
  55  5:02  Probe (Chrono Boost), Pylon  
  55  5:03  Probe (Chrono Boost)  
  57  5:12  Probe  
  57  5:15  Probe  
  58  5:25  Nexus, Probe  
  58  5:27  Probe  
  60  5:33  Robotics Bay  
  60  5:37  Probe  
  60  5:39  Probe  
  60  5:42  Observer (Chrono Boost)  
  63  5:49  Probe  
  64  5:50  Twilight Council  
  64  5:51  Forge  
  64  5:52  Probe  
  64  5:55  Pylon  
  65  6:08  Probe x2  
  67  6:20  Probe x2  
  67  6:21  Colossus (Chrono Boost)  
  67  6:23  Charge (Chrono Boost)  
  75  6:26  Extended Thermal Lance  
  75  6:29  Protoss Ground Weapons Level 1 (Chrono Boost)  
  75  6:31  Sentry  
  75  6:32  Probe x2, Pylon  
  79  6:36  Pylon  
  79  6:44  Probe x3  
  82  6:48  Shield Battery  
  82  6:50  Shield Battery  
  82  6:55  Gateway  
  82  6:56  Probe x3  
  85  7:04  Gateway  
  85  7:05  Gateway  
  85  7:11  Gateway  
  85  7:18  Colossus (Chrono Boost)  
  85  7:22  Gateway x2  
  91  7:23  Pylon  
  91  7:27  Shield Battery  
  91  7:31  Pylon  
  91  7:32  Zealot  
  91  7:33  Zealot x2  
  97  7:47  Pylon  
  97  7:48  Pylon  
  97  7:53  Zealot x4  
  99  8:05  Zealot x3  
  105  8:07  Templar Archives  
  105  8:12  Colossus (Chrono Boost)  
  111  8:20  Observer  
  111  8:22  Nexus  
  111  8:23  Pylon  
  111  8:25  Gateway, Protoss Ground Armor Level 1 (Chrono Boost)  
  111  8:26  Gateway  
  111  8:29  Zealot  
  111  8:30  Zealot x2  
  117  8:43  Zealot x5  
  127  8:54  Warp Prism (Chrono Boost)  
  129  9:02  High Templar x4  
  135  9:07  Archon x2  
  135  9:09  Zealot x3  
  141  9:10  Zealot  
  143  9:24  Zealot  
  139  9:36  Zealot x7, Immortal  
  141  9:41  Stalker  
  143  9:47  Stalker  
  145  10:04  Zealot  
  145  10:05  Zealot x7  
  145  10:22  Pylon  
  145  10:24  Pylon  
  145  10:28  Pylon  
Show
View Real Time Build Order
Export as new Build Order

Totoro Terran 

Build Orders: 1/1/1 

Get SALT Encoding   

  12  0:00  SCV  
  13  0:12  SCV  
  14  0:16  Supply Depot  
  14  0:26  SCV  
  15  0:38  SCV  
  15  0:39  Barracks  
  16  0:44  Refinery  
  16  0:50  SCV  
  16  0:53  Refinery  
  17  1:02  SCV  
  18  1:14  SCV  
  19  1:25  Reaper  
  19  1:26  Orbital Command  
  19  1:29  Supply Depot  
  20  1:42  Factory  
  20  1:52  SCV  
  21  1:56  Bunker  
  21  2:04  SCV  
  22  2:23  SCV  
  22  2:26  Barracks Reactor  
  22  2:28  Starport  
  23  2:30  Supply Depot  
  23  2:35  SCV  
  23  2:42  Widow Mine  
  25  2:47  SCV  
  25  2:59  SCV  
  25  3:02  Marine  
  25  3:03  Marine  
  25  3:05  Widow Mine  
  30  3:07  Command Center  
  30  3:11  SCV, Medivac  
  33  3:20  Marine x2  
  35  3:28  Widow Mine  
  35  3:31  SCV  
  38  3:34  Supply Depot  
  38  3:38  Marine  
  39  3:42  Starport Tech Lab  
  39  3:56  SCV, Factory Tech Lab, Marine x2  
  39  4:01  Raven  
  44  4:08  SCV  
  45  4:11  Barracks  
  45  4:14  Marine x2  
  47  4:19  Siege Tank  
  47  4:20  SCV  
  51  4:32  SCV  
  52  4:44  SCV  
  51  4:48  Marine x2  
  51  4:51  Siege Tank  
  51  4:53  Orbital Command  
  51  4:57  SCV  
  51  5:01  Engineering Bay, Starport Reactor  
  51  5:03  Bunker  
  51  5:04  Refinery  
  51  5:08  Marine x2  
  51  5:09  SCV  
  54  5:18  SCV, Marine  
  54  5:21  SCV  
  54  5:25  Marine  
  54  5:26  Cyclone, Marine  
  54  5:28  Stimpack  
  57  5:35  Supply Depot  
  57  5:39  SCV, Terran Infantry Weapons Level 1  
  57  5:40  SCV  
  59  5:49  Barracks  
  59  5:51  SCV  
  59  5:52  SCV  
  59  5:55  Supply Depot  
  61  6:00  Supply Depot  
  61  6:04  SCV  
  59  6:10  SCV  
  59  6:11  Marine x2  
  59  6:12  Marine  
  59  6:15  Medivac  
  59  6:16  SCV  
  59  6:17  Medivac  
  67  6:21  Factory Reactor  
  67  6:23  SCV  
  68  6:28  SCV  
  69  6:34  Marine  
  69  6:35  SCV, Marine x2  
  72  6:40  SCV  
  72  6:45  Marine  
  72  6:46  Combat Shield  
  73  6:47  Medivac  
  73  6:52  Marine  
  73  6:53  Marauder  
  78  7:00  Marine  
  79  7:03  SCV, Marauder  
  79  7:06  SCV  
  83  7:09  Widow Mine  
  83  7:11  Widow Mine  
  83  7:13  Marine  
  86  7:16  Command Center  
  86  7:21  Supply Depot  
  86  7:23  Supply Depot  
  86  7:41  Refinery  
  86  7:43  SCV, Widow Mine x2, Marine x3  
  94  7:45  SCV  
  92  7:55  SCV  
  92  7:57  SCV  
  93  8:04  Marine x2  
  93  8:05  Marauder x2  
  99  8:07  Medivac  
  99  8:08  SCV  
  99  8:10  Barracks  
  99  8:12  Barracks  
  102  8:13  Supply Depot  
  102  8:17  Supply Depot  
  102  8:24  Terran Infantry Armor Level 1  
  102  8:27  SCV, Viking  
  102  8:28  Widow Mine  
  102  8:29  Marine x2  
  102  8:30  Marine  
  110  8:37  Viking, Marine  
  113  8:45  SCV x2  
  113  8:47  Marine  
  113  8:48  Marauder  
  118  8:52  Orbital Command  
  118  8:53  Marine  
  118  8:54  Marine  
  118  8:55  Widow Mine  
  122  8:57  Concussive Shells  
  122  8:59  Widow Mine  
  124  9:08  Marine  
  124  9:09  Marauder  
  126  9:11  Barracks Tech Lab  
  126  9:12  Barracks Reactor  
  126  9:13  Marauder  
  84  9:40  Marine x2  
  84  9:41  Marauder x2  
  84  9:42  Viking x2, Widow Mine x2, Marauder  
  84  9:43  SCV x2  
Tags
 
Add a new tag
Caveats
  • Supply blocks, unpowered buildings, or Contaminate may cause inaccurate times.
  • Supply counts are checked every 10 seconds.